AoeStats
← Captain Insano

African Clearing

506285254Analyzed
2v2 RM · 20d ago on Sep 13, 2026· 53m 58s· 4 players
Game mode
Random Map
Map size
Medium (4 player)
Population
200
Speed
Normal
Resources
Standard
Victory
Conquest
Starting age
Dark Age
Ending age
Imperial Age
RankedLock teamsTeams togetherTeam positionsShared explorationLock speedFull tech treeHidden civsTurbo modeCheats
Victory
Defeat
🇺🇸 Vikings · United States
1203
+18
🇺🇸 Wei · United States
1166
+19
🇨🇴 Vietnamese · Colombia
1286
-20
🇨🇴 Slavs · Colombia
1210
-17
FC_ZIZOU
5:10 Loom
14:55 Feudal Age
15:59 Double-Bit Axe
20:44 Horse Collar
25:36 Castle Age
23:47 Scale Barding Armor
24:48 Fletching
26:17 Padded Archer Armor
26:12 Elite Skirmisher
28:56 Gold Mining
29:09 Bodkin Arrow
33:03 Chain Barding Armor
34:13 Forging
34:51 Pikeman
37:32 Scale Mail Armor
37:54 Stone Mining
38:43 Wheelbarrow
42:33 Ballistics
47:49 Imperial Age
47:35 Husbandry
48:36 Iron Casting
49:03 Heavy Plow
50:27 Plate Barding Armor
51:44 Bloodlines
52:38 Conscription
FC_CamShaca
7:16 Loom
12:33 Feudal Age
13:20 Town Watch
13:58 Double-Bit Axe
14:15 Fletching
16:59 Horse Collar
25:43 Castle Age
23:52 Padded Archer Armor
24:29 Gold Mining
25:32 Stone Mining
26:36 Bodkin Arrow
27:34 Wheelbarrow
27:22 Thumb Ring
27:01 Crossbowman
33:25 Leather Archer Armor
37:22 Ballistics
37:28 Squires
40:18 Scale Mail Armor
44:29 Hand Cart
46:48 Imperial Age
50:47 Imperial Age
Captain Insano
6:59 Loom
15:18 Feudal Age
16:27 Double-Bit Axe
17:55 Scale Barding Armor
27:09 Castle Age
25:23 Horse Collar
26:09 Forging
26:56 Bloodlines
28:22 Chain Barding Armor
36:02 Bloodlines
37:04 Wheelbarrow
38:09 Husbandry
47:00 Fletching
47:11 Padded Archer Armor
47:40 Bow Saw
49:47 Bodkin Arrow
51:44 Gold Mining
51:45 Stone Mining
54:02 Fervor
56:28 Imperial Age
CelticCyborg
10:16 Loom
12:23 Feudal Age
13:12 Double-Bit Axe
19:41 Castle Age
18:19 Horse Collar
19:09 Fletching
19:41 Gold Mining
23:04 Bodkin Arrow
24:34 Squires
24:40 Crossbowman
25:28 Padded Archer Armor
26:33 Pikeman
27:13 Scale Mail Armor
27:30 Leather Archer Armor
34:10 Bow Saw
36:58 Heavy Plow
37:37 Gold Shaft Mining
37:01 Town Watch
39:01 Fervor
41:45 Imperial Age
39:17 Stone Mining
40:35 Chain Mail Armor
40:31 Forging
40:46 Ballistics
42:33 Bracer
42:47 Bogsveigar
43:22 Plate Mail Armor
44:12 Conscription
44:42 Ring Archer Armor
45:36 Chemistry
44:43 Siege Engineers
44:49 Masonry
44:17 Capped Ram
45:08 Arbalester
46:14 Siege Ram
46:42 Elite Berserk
47:23 Chieftains
50:25 Two-Man Saw
49:58 Crop Rotation
51:18 Hoardings
53:26 Iron Casting
Connection lost

Rejoining the realm…

Still unreachable

The connection could not be restored.

Session expired

The server has moved on; the page needs a fresh start.